 Dungeon Crawl Stone Soup version 0.22-a0-460-g49b1da7e92 (webtiles) character file.

1514 PikkenKukken the Ogre Mage (level 8, -12/88 HPs)
             Began as an Ogre Fire Elementalist on June 9, 2018.
             Was a Follower of Vehumet.
             Mangled by an orc warrior
             ... wielding a +0 war axe
              (15 damage)
             ... on level 5 of the Dungeon.
             The game lasted 00:38:41 (9492 turns).

PikkenKukken the Ogre Mage (Ogre Fire Elementalist) Turns: 9492, Time: 00:38:42

Health: -12/88     AC:  3    Str: 13    XL:     8   Next: 83%
Magic:  0/16       EV: 11    Int: 17    God:    Vehumet [*.....]
Gold:   131        SH:  0    Dex: 13    Spells: 8/17 levels left

rFire    . . .     SeeInvis .   s - +0 giant spiked club
rCold    . . .     Gourm    .   (shield currently unavailable)
rNeg     . . .     Faith    .   i - +0 robe of Pragmatism {+Blink Regen+ Dex+3 Stlth+}
rPois    .         Spirit   .   (helmet restricted)
rElec    .         Reflect  .   (no cloak)
rCorr    +         Harm     .   (gloves unavailable)
MR       .....                  (boots unavailable)
Stlth    +++.......             (no amulet)
HPRegen  0.64/turn              h - ring of resist corrosion
MPRegen  0.15/turn              (no ring)

@: no status effects
A: large, unfitting armour, talons 1, robust 1, tough skin 1
a: Renounce Religion, Evoke Blink


You were on level 5 of the Dungeon.
You worshipped Vehumet.
Vehumet was aware of your devotion.
You were not hungry.

You visited 2 branches of the dungeon, and saw 7 of its levels.

You collected 369 gold pieces.
You spent 238 gold pieces at shops.

Inventory:

Hand Weapons
 b - a +0 club
 k - a +0 whip
 l - a +2 flail of holy wrath
 s - a +0 giant spiked club (weapon)
Missiles
 f - 84 stones (quivered)
Armour
 a - a +0 robe
 i - the +0 robe of Pragmatism (worn) {+Blink Regen+ Dex+3 Stlth+}
   (You bought it in a shop on level 4 of the Dungeon)

   It affects your dexterity (+3).
   It lets you blink.
   It increases your rate of regeneration.
   It makes you more stealthy.
Jewellery
 h - a ring of resist corrosion (left hand)
 p - a cursed ring of loudness
 r - an uncursed ring of protection from cold
Wands
 m - a wand of random effects (74)
Scrolls
 d - 3 scrolls of identify
 g - 2 scrolls of magic mapping
 n - 2 scrolls of enchant weapon
 o - 3 scrolls of remove curse
 q - a scroll of teleportation
Potions
 e - 4 potions of curing
Comestibles
 c - 7 rations
 j - 3 chunks of flesh


   Skills:
 * Level 5.0 Fighting
 * Level 3.8 Maces & Flails
 + Level 2.0 Throwing
 * Level 3.6 Dodging
 - Level 1.8 Stealth
 + Level 5.4 Spellcasting
 + Level 3.2 Conjurations
 + Level 4.4 Fire Magic
 + Level 1.0 Earth Magic
 * Level 1.7 Evocations


You had 8 spell levels left.
You knew the following spells:

 Your Spells              Type           Power        Failure   Level  Hunger
a - Flame Tongue          Conj/Fire      ###..        2%          1    None
b - Sandblast             Erth           #.....       9%          1    None
c - Conjure Flame         Conj/Fire      ###.....     9%          3    ##.....
d - Sticky Flame          Conj/Fire      ###.....     28%         4    ####...

Your spell library contained the following spells:

 Spells                   Type           Power        Failure   Level  Hunger
 Fireball                 Conj/Fire      ###.......   61%         5    ######.
 Throw Flame              Conj/Fire      ###...       4%          2    #......
 Inner Flame              Hex/Fire       ##......     16%         3    ##.....


Dungeon Overview and Level Annotations

Branches:
Dungeon (6/15)             Temple (1/1) D:4

Altars:
Ashenzari
Cheibriados
Dithmenos
Elyvilon
Gozag
Hepliaklqana
Kikubaaqudgha
Makhleb
Nemelex Xobeh
Okawaru
Qazlal
Ru
Sif Muna
Trog
Uskayaw
Vehumet
Wu Jian
Xom
Yredelemnul
Zin
Beogh

Shops:
D:4 ![


Innate Abilities, Weirdness & Mutations

You are too large for most types of armour.
You have tough skin. (AC +1)
You have sharp toenails.
You are robust. (+10% HP)


Message History

The blast of sand hits the orc warrior.
The orc warrior is heavily wounded.
f - 84 stones
Casting: Sandblast (safe; 9% risk of failure)
Confirm with . or Enter, or press ? or * to list all spells.
Aiming: Flame Tongue (safe; 2% risk of failure)
Press: ? - help, Shift-Dir - straight line, f/p - orc warrior
Aim: an orc warrior, wielding a war axe and wearing a plate armour (heavily wounded)
The flame tongue hits the orc warrior.
The orc warrior appears unharmed.
The orc warrior is heavily wounded.
You closely miss the orc warrior. Your kick misses the orc warrior.
The orc warrior is heavily wounded.
The orc warrior hits you with a war axe!!
* * * LOW HITPOINT WARNING * * *
You closely miss the orc warrior. Your kick misses the orc warrior.
The orc warrior is heavily wounded.
The orc warrior hits you with a war axe!
* * * LOW HITPOINT WARNING * * *
The orc warrior hits you with a war axe!
You die...

#.##.# #.############
#.##.# #.#..........#
####.##.# #[#.########.#
..##.##.# #.#.#...o..#.#
.###.##.# #.#.#o####.#.#
#######.# #.#.#......#.#
88.# #.# #.#.#......#.#
...####.######.#.#.....[#.#
...#............@o....(>#.#
...####.######.#.#..#####.#
...# #.# #.#.#...# #.# .8.#
#.# #.#.###.# #.#######
...# #.# #.#.+_'.#
#........
...####.######.#.#####
#########
.8.##..........#.#.#
#........
...##.#........#.#.#
#.#######
...##.########.#.#.#
#.#......


You could see an orc warrior.

Vanquished Creatures
  Eustachio (D:4)
  An orc warrior (D:5)
  A sky beast (D:6)
  An ogre (D:6)
  2 centaurs
  A bullfrog (D:6)
  A scorpion (D:5)
  A howler monkey (D:4)
  2 crimson imps (D:6)
  A hound (D:6)
  4 orc priests
  6 orc wizards
  A centaur skeleton (D:6)
  Ijyb (D:4)
  5 worker ants
  A hound zombie (D:6)
  7 adders
  An ooze (D:2)
  3 dart slugs
  3 leopard geckos
  39 orcs
  11 bats
  2 giant cockroaches
  6 goblins
  11 hobgoblins
  4 jackals (D:2)
  6 kobolds
  4 quokkas
  A ball python (D:5)
  2 frilled lizards
  3 rats
133 creatures vanquished.

Notes
Turn   | Place    | Note
-------+----------+-------------------------------------------
     0 | D:1      | PikkenKukken the Ogre Fire Elementalist began the quest for the Orb.
     0 | D:1      | Reached XP level 1. HP: 16/16 MP: 3/3
   138 | D:1      | Reached XP level 2. HP: 24/24 MP: 2/5
   437 | D:1      | Reached skill level 1 in Conjurations
   623 | D:1      | Reached XP level 3. HP: 31/31 MP: 5/7
  1230 | D:2      | Reached skill level 1 in Fighting
  1552 | D:2      | Reached XP level 4. HP: 35/41 MP: 2/8
  1897 | D:2      | Gained mutation: You are clumsy. (Dex -2) [potion of mutation]
  1897 | D:2      | Gained mutation: You possess an exceptional clarity of mind. [potion of mutation]
  1898 | D:2      | Lost mutation: You possess an exceptional clarity of mind. [potion of mutation]
  1898 | D:2      | Lost mutation: You are clumsy. (Dex -2) [potion of mutation]
  1898 | D:2      | Gained mutation: You are robust. (+10% HP) [potion of mutation]
  1898 | D:2      | Gained mutation: You have sharp toenails. [potion of mutation]
  2256 | D:3      | Reached XP level 5. HP: 38/53 MP: 5/10
  2572 | D:2      | Reached skill level 1 in Throwing
  2602 | D:3      | Reached skill level 1 in Maces & Flails
  3262 | D:3      | Reached XP level 6. HP: 47/64 MP: 1/12
  4022 | D:4      | Found a staircase to the Ecumenical Temple.
  4045 | Temple   | Entered the Ecumenical Temple
  4122 | Temple   | Became a worshipper of Vehumet
  4222 | D:4      | Noticed Eustachio
  4272 | D:4      | Killed Eustachio
  4272 | D:4      | Reached XP level 7. HP: 37/73 MP: 7/13
  4625 | D:4      | Found Pecoshuna's Armour Shoppe.
  4702 | D:4      | Noticed Ijyb
  4721 | D:4      | Killed Ijyb
  4848 | D:4      | Found Guresk's Distillery.
  5139 | D:5      | Entered Level 5 of the Dungeon
  5964 | D:5      | Found a runed door.
  6576 | D:5      | Found a hazy altar of Hepliaklqana.
  7265 | D:4      | Bought the +0 robe of Pragmatism {+Blink Regen+ Dex+3 Stlth+} for 238 gold pieces
  7402 | D:5      | Reached XP level 8. HP: 40/85 MP: 8/15
  7919 | D:5      | Reached skill level 5 in Spellcasting
  8146 | D:5      | Found a roughly hewn altar of Beogh.
  8251 | D:6      | Found a shimmering altar of Xom.
  8252 | D:6      | Found a shattered altar of Ashenzari.
  8254 | D:6      | Found a deep blue altar of Sif Muna.
  8296 | D:5      | Reached skill level 1 in Evocations
  8455 | D:6      | Found a white marble altar of Elyvilon.
  8542 | D:6      | Reached * piety under Vehumet
  8542 | D:6      | Offered knowledge of Sandblast by Vehumet.
  8554 | D:6      | Learned a level 1 spell: Sandblast
  8558 | D:6      | Learned a level 3 spell: Conjure Flame
  8563 | D:6      | Learned a level 4 spell: Sticky Flame
  8856 | D:6      | Found a burning altar of Makhleb.
  9292 | D:6      | Reached skill level 5 in Fighting
  9292 | D:6      | Reached skill level 1 in Earth Magic
  9379 | D:6      | Found a snail-covered altar of Cheibriados.
  9492 | D:5      | HP: 3/88 [orc warrior/war axe (17)]
  9492 | D:5      | Mangled by an orc warrior

Vault maps used:
D:1:      dpeg_arrival_rooms_c, st_stairs_11
D:4:      minmay_temple_entry_grid, first_ration, serial_shops, shop,
          kennysheep_little_box, uniq_eustachio, uniq_ijyb
D:5:      kennysheep_mini, lightli_church_of_beogh
D:6:      lemuel_round_altar, elyvilon_altar_3, grunt_temple_overflow_open,
          marbit_many_paths, minivault_24
Temple:   eino_narrow_crystal_temple

Skill      XL: |  1  2  3  4  5  6  7  8 |
---------------+-------------------------+-----
Conjurations   | 1 2 3 |  3.2
Dodging        | 2 3 |  3.6
Fire Magic     | 3 4 |  4.4
Fighting       | 1 2 3 4 5 |  5.0
Spellcasting   | 3 4 5 |  5.4
Throwing       | 1 2 |  2.0
Maces & Flails | 1 2 3 |  3.8
Evocations     | 1 |  1.7
Earth Magic    | 1 |  1.0
Stealth        | |  1.8

Action                   |  1- 3 |  4- 6 |  7- 9 || total
-------------------------+-------+-------+-------++-------
Melee: Club              |    23 |    27 |       ||    50
       Kick              |       |    16 |    41 ||    57
       Whip              |       |    37 |    75 ||   112
       Flail             |       |       |    68 ||    68
       Giant spiked club |       |       |     2 ||     2
Throw: Stone             |    21 |    39 |    47 ||   107
 Cast: Flame Tongue      |    65 |   113 |    96 ||   274
       Sandblast         |       |       |    22 ||    22
       Conjure Flame     |       |       |     6 ||     6
       Sticky Flame      |       |       |     1 ||     1
  Use: Scroll            |     7 |       |     4 ||    11
       Potion            |     2 |     5 |     2 ||     9
  Eat: Chunk             |     2 |     8 |    10 ||    20
       Ration            |       |       |     2 ||     2
Armor: Robe              |    17 |    19 |    32 ||    68
Dodge: Dodged            |    33 |    75 |    91 ||   199

Table legend:
 A = Spawn XP
 B = Non-spawn XP
 C = Spawn XP percentage of total XP
 D = Spawn monster count
 E = Non-spawn monster count
 F = Spawn count percentage of total count
 G = Total turns spent on level
                    A         B        C        D         E        F      G
               +---------+---------+-------+---------+---------+-------+---------
         Total |       0 |    2163 |   0.0 |       0 |     133 |   0.0 |  9492
               +---------+---------+-------+---------+---------+-------+---------
           D:1 |       0 |      34 |   0.0 |       0 |      18 |   0.0 |   851
           D:2 |       0 |     149 |   0.0 |       0 |      30 |   0.0 |  1981
           D:3 |       0 |     210 |   0.0 |       0 |      25 |   0.0 |  1074
           D:4 |       0 |     409 |   0.0 |       0 |      10 |   0.0 |  1586
           D:5 |       0 |     682 |   0.0 |       0 |      35 |   0.0 |  2742
           D:6 |       0 |     679 |   0.0 |       0 |      15 |   0.0 |  1165
               +---------+---------+-------+---------+---------+-------+---------
